[Event "ICCopen2017"]
[Site "Internet Chess Club"]
[Date "2017.03.26"]
[Round "8"]
[White "Revolutions"]
[Black "herbyeddy"]
[Result "0-1"]
[ICCResult "White checkmated"]
[WhiteElo "1794"]
[BlackElo "1562"]
[Opening "QGD Slav defense"]
[ECO "D10"]
[NIC "SL.01"]
[Time "20:32:08"]
[TimeControl "180+0"]

1. d4 d5 2. c4 c6 3. Nc3 Nf6 4. g3 g6 5. Bg2 Bg7 6. Nf3 O-O 7. O-O dxc4 8.
Re1 Nbd7 9. e4 Nb6 10. Bg5 h6 11. Bf4 g5 12. Be5 Be6 13. a4 a5 14. Rc1 Qd7
15. Qd2 Ng4 16. Bxg7 Kxg7 17. Nxg5 hxg5 18. Qxg5+ Kh7 19. f4 f6 20. Qh5+ Nh6
21. Kh1 Bg4 22. Qc5 Ra6 23. d5 Qd6 24. Qe3 cxd5 25. exd5 Rf7 26. Nb5 Qd7 27.
Qe4+ Bf5 28. Qe2 Nxd5 29. Rcd1 e6 30. Nd4 Qc7 31. Nxf5 exf5 32. Bxd5 Rd7 33.
Bxc4 Rad6 34. Rc1 Qc6+ 35. Kg1 Qb6+ 36. Kh1 Rd2 37. Qf1 Qc6+ 38. Kg1 Qc5+
39. Kh1 Rf2 40. Qg1 Qc6+ 41. Bd5 Qxd5+ 42. Re4 Qxe4+ 43. Qg2 Qxg2#
{White checkmated}
0-1

[Event "ICCopen2017"]
[Site "Internet Chess Club"]
[Date "2017.03.26"]
[Round "8"]
[White "BUHO64"]
[Black "Baerenstarker"]
[Result "1-0"]
[ICCResult "Black forfeits on time"]
[WhiteElo "2030"]
[BlackElo "1836"]
[Opening "Sicilian: closed"]
[ECO "B23"]
[NIC "SI.44"]
[Time "20:32:12"]
[TimeControl "180+0"]

1. e4 c5 2. Nc3 a6 3. g3 Nc6 4. Bg2 g6 5. Nge2 Bg7 6. O-O e6 7. d3 Nge7 8.
f4 d5 9. f5 gxf5 10. exf5 Nxf5 11. Rxf5 exf5 12. Nxd5 Be6 13. Nef4 Bd4+ 14.
Kh1 h5 15. c3 Be5 16. Nxe6 fxe6 17. Nf4 Qf6 18. Bxc6+ bxc6 19. Qf3 Kd7 20.
Be3 h4 21. Kg1 hxg3 22. hxg3 Rab8 23. d4 cxd4 24. Rd1 c5 25. cxd4 cxd4 26.
Ne2 Rhg8 27. Bxd4 Bxd4+ 28. Nxd4 Ke8 29. Qc6+ Kf7 30. Nxe6 Rxg3+ 31. Kf2 f4
32. Rd7+ Kg8 33. b3 Re8 34. Rg7+ Rxg7 35. Qxe8+ Kh7 36. Qh5+ Qh6 37. Qxh6+
Kxh6 38. Nxg7 Kxg7 39. Kf3 Kf6 40. Kxf4 Ke6 41. Ke4 Kd6 42. Kd4 Kc6 43. Kc4
Kb6 44. b4 Kc6 45. a4 Kb6 46. b5 axb5+ 47. axb5 Kb7 48. Kc5 Kc7 49. Kb4 Kb6
50. Kc4 Kb7 51. Kc5 Kc7 52. b6+ Kb7 53. Kb5 Kb8 54. Kc6 Kc8 55. Kc5 Kb7 56.
Kb5 Kb8 57. Ka6 Ka8 58. Ka5 Kb7 59. Kb5 Kb8 60. Kb4 {Black forfeits on time}
1-0

[Event "ICCopen2017"]
[Site "Internet Chess Club"]
[Date "2017.03.26"]
[Round "8"]
[White "Wage-slave"]
[Black "cheslikeyomama"]
[Result "1-0"]
[ICCResult "Black forfeits on time"]
[WhiteElo "1749"]
[BlackElo "1524"]
[Opening "Réti opening"]
[ECO "A04"]
[NIC "QP.11"]
[Time "20:33:16"]
[TimeControl "180+0"]

1. Nf3 g6 2. c3 Bg7 3. d4 d6 4. g3 Nh6 5. Bg2 f5 6. Nbd2 Nc6 7. a4 O-O 8.
O-O e5 9. d5 Ne7 10. Nb3 e4 11. Ne1 Nf7 12. c4 Ne5 13. Qc2 Kh8 14. Be3 Ng8
15. Rd1 h5 16. Bd4 h4 17. Qc3 hxg3 18. hxg3 Qe7 19. f4 exf3 20. exf3 Nf6 21.
Nd3 Nxd3 22. Rxd3 Nh5 23. Kf2 f4 24. g4 Ng3 25. Re1 Qf7 26. Nd2 Kg8 27. Ne4
Nxe4+ 28. Rxe4 Bxd4+ 29. Qxd4 Qg7 30. Rxf4 Rxf4 31. Qxf4 Bd7 32. Qd4 Rf8 33.
Qxg7+ Kxg7 34. b3 Bxg4 35. Kg3 Bd7 36. Bh3 {Black forfeits on time} 1-0

[Event "ICCopen2017"]
[Site "Internet Chess Club"]
[Date "2017.03.26"]
[Round "9"]
[White "herbyeddy"]
[Black "TaijiChess22"]
[Result "1-0"]
[ICCResult "Black resigns"]
[WhiteElo "1590"]
[BlackElo "1870"]
[Opening "Sicilian defense"]
[ECO "B40"]
[NIC "SI.43"]
[Time "20:41:16"]
[TimeControl "180+0"]

1. e4 c5 2. Nf3 e6 3. g3 a6 4. Bg2 Qc7 5. O-O Nf6 6. Re1 Be7 7. c4 d6 8. Nc3
e5 9. d3 Nc6 10. Bg5 h6 11. Bxf6 Bxf6 12. Nd5 Be6 13. Nxc7+ {Black resigns}
1-0

[Event "ICCopen2017"]
[Site "Internet Chess Club"]
[Date "2017.03.26"]
[Round "9"]
[White "catshow"]
[Black "DEHO"]
[Result "0-1"]
[ICCResult "White checkmated"]
[WhiteElo "1826"]
[BlackElo "2051"]
[Opening "Scandinavian (center counter) defense"]
[ECO "B01"]
[NIC "VO.17"]
[Time "20:41:23"]
[TimeControl "180+0"]

1. e4 d5 2. exd5 Qxd5 3. d4 Nc6 4. Nf3 Bg4 5. Nc3 Qh5 6. Be2 Nf6 7. O-O
O-O-O 8. Be3 e5 9. Nxe5 Nxe5 10. Bxg4+ Nexg4 11. Qf3 Qxh2# {White
checkmated} 0-1

[Event "ICCopen2017"]
[Site "Internet Chess Club"]
[Date "2017.03.26"]
[Round "9"]
[White "GranTorre"]
[Black "kutittaja"]
[Result "1-0"]
[ICCResult "Black checkmated"]
[WhiteElo "1877"]
[BlackElo "1618"]
[Opening "Réti opening"]
[ECO "A04"]
[NIC "QP.11"]
[Time "20:41:22"]
[TimeControl "180+0"]

1. Nf3 g6 2. d4 Bg7 3. Bf4 d6 4. e3 Nd7 5. Be2 c6 6. c3 Qb6 7. Qc1 h6 8.
Nbd2 Ngf6 9. h3 Qa5 10. O-O e5 11. dxe5 dxe5 12. Nc4 Qb5 13. Nd6+ Kf8 14.
Nxb5 Kg8 15. Nxe5 Kh7 16. Nd6 Ng4 17. hxg4 Nc5 18. Ndxf7 Nd3 19. Qc2 Nc1 20.
Qxg6+ Kg8 21. Nxh6+ Kf8 22. Qf7# {Black checkmated} 1-0

[Event "ICCopen2017"]
[Site "Internet Chess Club"]
[Date "2017.03.26"]
[Round "9"]
[White "UnderArmour"]
[Black "Aladdin"]
[Result "0-1"]
[ICCResult "White checkmated"]
[WhiteElo "1963"]
[BlackElo "2280"]
[Opening "Giuoco Piano"]
[ECO "C54"]
[NIC "IG.02"]
[Time "20:42:03"]
[TimeControl "180+0"]

1. e4 e5 2. Nf3 Nc6 3. Bc4 Bc5 4. c3 Nf6 5. d3 d6 6. O-O a6 7. Bb3 Ba7 8.
Re1 h6 9. Nbd2 g5 10. Nf1 g4 11. N3d2 h5 12. Ne3 h4 13. Ndf1 Qe7 14. Nf5
Bxf5 15. exf5 O-O-O 16. Bg5 Rdg8 17. Bxf6 Qxf6 18. Ne3 g3 19. fxg3 hxg3 20.
h3 Qxf5 21. d4 Qf2+ 22. Kh1 Rxh3+ 23. gxh3 Qh2# {White checkmated} 0-1

[Event "ICCopen2017"]
[Site "Internet Chess Club"]
[Date "2017.03.26"]
[Round "9"]
[White "ylr5000"]
[Black "rickky20"]
[Result "1-0"]
[ICCResult "Black resigns"]
[WhiteElo "2266"]
[BlackElo "1735"]
[Opening "QGD Slav: 4.e3"]
[ECO "D11"]
[NIC "SL.01"]
[Time "20:42:29"]
[TimeControl "180+0"]

1. d4 d5 2. c4 c6 3. e3 Nf6 4. Nf3 a6 5. Bd3 b5 6. b3 Bg4 7. Nbd2 Nbd7 8.
Bb2 e6 9. O-O Bd6 10. Qc2 O-O 11. h3 Bh5 12. c5 Bc7 13. Ne5 Bg6 14. Nxc6 Qc8
15. Ne7+ {Black resigns} 1-0

[Event "ICCopen2017"]
[Site "Internet Chess Club"]
[Date "2017.03.26"]
[Round "9"]
[White "KnightWalker"]
[Black "snaillike"]
[Result "0-1"]
[ICCResult "White resigns"]
[WhiteElo "1317"]
[BlackElo "1205"]
[Opening "Scandinavian (center counter) defense"]
[ECO "B01"]
[NIC "VO.17"]
[Time "20:41:37"]
[TimeControl "180+0"]

1. e4 d5 2. exd5 e6 3. dxe6 Bxe6 4. d4 Nf6 5. Nf3 Bd6 6. Bg5 O-O 7. Be2 c6
8. O-O Qc8 9. h3 Bxh3 10. Bxf6 Qg4 11. g3 Bxg3 12. Nh2 Bxh2+ {White resigns}
0-1

[Event "ICCopen2017"]
[Site "Internet Chess Club"]
[Date "2017.03.26"]
[Round "9"]
[White "BlueJ"]
[Black "jps7"]
[Result "1-0"]
[ICCResult "Black checkmated"]
[WhiteElo "1955"]
[BlackElo "1555"]
[Opening "English opening"]
[ECO "A13"]
[NIC "EO.64"]
[Time "20:41:17"]
[TimeControl "180+0"]

1. c4 e6 2. Nc3 d5 3. e3 Nf6 4. Nf3 c5 5. cxd5 exd5 6. d4 c4 7. Ne5 Bd6 8.
Be2 O-O 9. O-O Re8 10. f4 Bxe5 11. fxe5 Nfd7 12. Nxd5 b5 13. Bf3 Bb7 14.
Nf6+ Nxf6 15. Bxb7 Nd5 16. Qf3 Qe7 17. Bxd5 Nd7 18. Bxa8 Nb6 19. Bc6 Rf8 20.
e4 a6 21. Qg3 g6 22. Bg5 Qb4 23. Bf6 h6 24. e6 fxe6 25. Qxg6# {Black
checkmated} 1-0

[Event "ICCopen2017"]
[Site "Internet Chess Club"]
[Date "2017.03.26"]
[Round "9"]
[White "Peaceful-Death"]
[Black "F83"]
[Result "0-1"]
[ICCResult "White checkmated"]
[WhiteElo "1982"]
[BlackElo "1923"]
[Opening "King's Indian: Sämisch, orthodox, 7.d5 c6"]
[ECO "E88"]
[NIC "KI.39"]
[Time "20:41:28"]
[TimeControl "180+0"]

1. d4 Nf6 2. c4 g6 3. Nc3 Bg7 4. e4 d6 5. f3 O-O 6. Be3 e5 7. d5 c6 8. Qd2
cxd5 9. cxd5 Na6 10. Bxa6 bxa6 11. h4 a5 12. g4 h5 13. gxh5 Nxh5 14. Nge2
Ba6 15. O-O-O Rb8 16. Rdg1 Rb7 17. Ng3 Nf4 18. Bxf4 exf4 19. Nge2 Bxe2 20.
Qxe2 Qb6 21. Qc2 Bxc3 22. bxc3 Qe3+ 23. Qd2 Rb1+ 24. Kxb1 Qxd2 25. Rh2 Rb8+
26. Ka1 Qxc3+ 27. Rb2 Qxb2# {White checkmated} 0-1

[Event "ICCopen2017"]
[Site "Internet Chess Club"]
[Date "2017.03.26"]
[Round "9"]
[White "MDT"]
[Black "camilian"]
[Result "1-0"]
[ICCResult "Black checkmated"]
[WhiteElo "1461"]
[BlackElo "1206"]
[Opening "Scotch gambit"]
[ECO "C44"]
[NIC "SO.06"]
[Time "20:41:58"]
[TimeControl "180+0"]

1. e4 e5 2. Nf3 Nc6 3. d4 exd4 4. Bc4 h6 5. Nxd4 Ne5 6. Bb3 Nf6 7. Nc3 Bb4
8. f3 Nh7 9. O-O O-O 10. Be3 Ng6 11. Qe1 Nh4 12. Qg3 Bd6 13. Qg4 Ng6 14.
Qxg6 Kh8 15. Qxf7 Rxf7 16. Bxf7 Qh4 17. g3 Bxg3 18. hxg3 Qxg3+ 19. Kh1 Qh3+
20. Kg1 d6 21. Rf2 Qg3+ 22. Rg2 Qxf3 23. Nxf3 Ng5 24. Nxg5 hxg5 25. Rxg5 Bh3
26. Kh2 Bd7 27. Rh5# {Black checkmated} 1-0

[Event "ICCopen2017"]
[Site "Internet Chess Club"]
[Date "2017.03.26"]
[Round "9"]
[White "eltigrecu"]
[Black "marwan100"]
[Result "1-0"]
[ICCResult "Black resigns"]
[WhiteElo "1939"]
[BlackElo "1689"]
[Opening "Queen's pawn"]
[ECO "A40"]
[NIC "QO.17"]
[Time "20:41:15"]
[TimeControl "180+0"]

1. d4 e6 2. Nf3 d5 3. Bg5 Nf6 4. Nbd2 c5 5. c3 Nbd7 6. e3 Be7 7. Bd3 b6 8.
Qc2 Bb7 9. O-O h6 10. Bh4 O-O 11. Rfe1 c4 12. Be2 Ne4 13. Bxe7 Qxe7 14. Nxe4
dxe4 15. Nd2 b5 16. Nxe4 f5 17. Ng3 Nf6 18. Rad1 Ne4 19. Bf3 Qh4 20. Nxe4
fxe4 21. g3 Qf6 22. Bg2 Rad8 23. Rd2 Qg6 24. f3 h5 25. fxe4 h4 26. e5 Qxc2
27. Rxc2 Bxg2 28. Kxg2 hxg3 29. hxg3 Rf5 30. Rf2 Rdf8 31. Ref1 Rxf2+ 32.
Rxf2 Rxf2+ 33. Kxf2 Kf7 34. Kf3 Kg6 35. Kg4 {Black resigns} 1-0

[Event "ICCopen2017"]
[Site "Internet Chess Club"]
[Date "2017.03.26"]
[Round "9"]
[White "Kokopelli"]
[Black "Chamanx"]
[Result "0-1"]
[ICCResult "White resigns"]
[WhiteElo "1108"]
[BlackElo "1542"]
[Opening "Four knights: Scotch, 4...exd4"]
[ECO "C47"]
[NIC "KP.06"]
[Time "20:41:11"]
[TimeControl "180+0"]

1. e4 e5 2. Nf3 Nc6 3. Nc3 Nf6 4. d4 exd4 5. Nxd4 Bc5 6. Nxc6 bxc6 7. Bg5 d6
8. e5 Bxf2+ 9. Kxf2 Ng4+ 10. Ke1 Qxg5 11. exd6 Qe5+ 12. Qe2 cxd6 13. Qxe5+
dxe5 14. g3 O-O 15. Bg2 Ne3 16. Be4 f5 17. Bd3 e4 18. Be2 Nxc2+ 19. Kf2 Nxa1
20. Rxa1 a5 21. Na4 Ba6 22. Bxa6 Rxa6 23. Nc5 Raa8 24. Rd1 Rfd8 25. Rc1 Rd2+
26. Kg1 Rxb2 27. a4 Rd8 28. Nb7 Rdd2 {White resigns} 0-1

[Event "ICCopen2017"]
[Site "Internet Chess Club"]
[Date "2017.03.26"]
[Round "9"]
[White "Tal-Baron"]
[Black "kingmate"]
[Result "0-1"]
[ICCResult "White resigns"]
[WhiteElo "2704"]
[BlackElo "2539"]
[Opening "French: Rubinstein variation"]
[ECO "C10"]
[NIC "FR.07"]
[Time "20:41:27"]
[TimeControl "180+0"]

1. d4 e6 2. e4 d5 3. Nc3 dxe4 4. Nxe4 Nd7 5. g3 Be7 6. Bg2 Ngf6 7. Nxf6+
Bxf6 8. Nf3 O-O 9. c3 e5 10. dxe5 Nxe5 11. O-O Qxd1 12. Rxd1 Bg4 13. Nxe5
Bxd1 14. Nd7 Rfe8 15. Nxf6+ gxf6 16. Bf4 Rad8 17. Bxb7 Re1+ 18. Kg2 Bf3+ 19.
Bxf3 Rxa1 20. Bxc7 Rd2 21. c4 Rxa2 22. Bf4 Rc2 23. Bd5 Raxb2 24. Be3 a5 25.
Bd4 Rb4 26. Bxf6 Rbxc4 {White resigns} 0-1

[Event "ICCopen2017"]
[Site "Internet Chess Club"]
[Date "2017.03.26"]
[Round "9"]
[White "manitodeplomo"]
[Black "Magagna"]
[Result "0-1"]
[ICCResult "White resigns"]
[WhiteElo "2351"]
[BlackElo "1753"]
[Opening "QGD: 4.Nf3"]
[ECO "D37"]
[NIC "QI.01"]
[Time "20:41:52"]
[TimeControl "180+0"]

1. c4 Nf6 2. Nf3 e6 3. d4 d5 4. Nc3 Be7 5. Bg5 O-O 6. Qc2 Nbd7 7. O-O-O h6
8. Bxf6 Nxf6 9. e3 a6 10. Kb1 Bd7 11. h3 Rb8 12. g4 dxc4 13. Bxc4 b5 14. Bd3
c5 15. g5 hxg5 16. Nxg5 c4 17. Bh7+ Kh8 18. Rhg1 b4 19. Ne2 b3 20. axb3 Rxb3
21. Bg8 Kxg8 22. Nf4 Qb6 {White resigns} 0-1

[Event "ICCopen2017"]
[Site "Internet Chess Club"]
[Date "2017.03.26"]
[Round "9"]
[White "tigerr"]
[Black "sacov"]
[Result "1-0"]
[ICCResult "Black checkmated"]
[WhiteElo "2132"]
[BlackElo "2159"]
[Opening "Scandinavian defense"]
[ECO "B01"]
[NIC "SD.03"]
[Time "20:42:14"]
[TimeControl "180+0"]

1. e4 d5 2. exd5 Nf6 3. Nc3 Nxd5 4. Nf3 Nxc3 5. bxc3 Nc6 6. g3 e5 7. Bg2 Bc5
8. O-O O-O 9. d3 h6 10. Rb1 Bb6 11. Re1 Re8 12. Be3 Bg4 13. h3 Bh5 14. Qc1
e4 15. dxe4 Rxe4 16. Nd4 Rxd4 17. cxd4 Nxd4 18. Bxd4 Qxd4 19. Qf4 Qxf4 20.
gxf4 c6 21. Rbd1 Bg6 22. Be4 Bh5 23. Rd7 Rb8 24. Bd3 Bc5 25. Kg2 a5 26. Re5
Bxf2 27. Kxf2 Bd1 28. Bc4 Bxc2 29. Rxf7 Kh8 30. Ree7 b5 31. Be6 b4 32. Rxg7
a4 33. Rb7 Re8 34. f5 c5 35. Rh7# {Black checkmated} 1-0

[Event "ICCopen2017"]
[Site "Internet Chess Club"]
[Date "2017.03.26"]
[Round "9"]
[White "hectorlamadrid"]
[Black "king-lear"]
[Result "0-1"]
[ICCResult "White checkmated"]
[WhiteElo "1638"]
[BlackElo "1930"]
[Opening "Sicilian: Smith-Morra gambit"]
[ECO "B21"]
[NIC "SI.48"]
[Time "20:42:14"]
[TimeControl "180+0"]

1. e4 c5 2. d4 cxd4 3. c3 dxc3 4. Nxc3 e6 5. Nf3 Bc5 6. Bf4 Ne7 7. Nb5 Bb4+
8. Nd2 Na6 9. a3 Bxd2+ 10. Qxd2 O-O 11. Bd6 b6 12. Bd3 Bb7 13. O-O Nc5 14.
f3 Nb3 15. Qf4 Ng6 16. Qg3 Nxa1 17. Bxf8 Qxf8 18. Rxa1 Ba6 19. Rd1 Bxb5 20.
Bxb5 Qc5+ 21. Kh1 Qxb5 22. h4 Rc8 23. Qg5 Qxg5 24. hxg5 Rc7 25. g3 e5 26.
Kh2 Kf8 27. Kh3 Ke7 28. Kg4 Nf8 29. f4 d6 30. fxe5 dxe5 31. Rd5 Ng6 32. Kf5
Rc2 33. g4 Rf2# {White checkmated} 0-1

[Event "ICCopen2017"]
[Site "Internet Chess Club"]
[Date "2017.03.26"]
[Round "9"]
[White "octavia"]
[Black "findles"]
[Result "0-1"]
[ICCResult "White resigns"]
[WhiteElo "2171"]
[BlackElo "1873"]
[Opening "English opening: Agincourt variation"]
[ECO "A13"]
[NIC "TD.06"]
[Time "20:41:35"]
[TimeControl "180+0"]

1. c4 e6 2. Nf3 d5 3. e3 Nf6 4. Nc3 c5 5. cxd5 exd5 6. d4 Nc6 7. Bb5 Bd6 8.
dxc5 Bxc5 9. O-O O-O 10. b3 Bg4 11. Bb2 Qd6 12. Rc1 a6 13. Bxc6 bxc6 14. Na4
Ba7 15. Bd4 Ne4 16. Bxa7 Rxa7 17. Qd4 Rc7 18. Nd2 Nxd2 19. Qxd2 c5 20. h3
Be6 21. Rfd1 Rd8 22. Qa5 Rdc8 23. Nb2 Qe5 24. Qc3 Qg5 25. Kf1 h5 26. Nd3 c4
27. Nf4 cxb3 28. Qxb3 Rxc1 {White resigns} 0-1

[Event "ICCopen2017"]
[Site "Internet Chess Club"]
[Date "2017.03.26"]
[Round "9"]
[White "SONICS71"]
[Black "brittabeast"]
[Result "1/2-1/2"]
[ICCResult "Game drawn because neither player has mating material"]
[WhiteElo "1742"]
[BlackElo "1524"]
[Opening "French defense"]
[ECO "C00"]
[NIC "FR.01"]
[Time "20:41:44"]
[TimeControl "180+0"]

1. e4 e6 2. Nc3 d5 3. g3 dxe4 4. Nxe4 Nf6 5. Bg2 Nxe4 6. Bxe4 Nd7 7. d4 Nf6
8. Bg2 Be7 9. h3 c6 10. Ne2 O-O 11. O-O Bd7 12. c3 Rb8 13. Nf4 c5 14. Be3
cxd4 15. Bxd4 Bc6 16. f3 Nd5 17. Nxd5 Bxd5 18. Qe2 Bf6 19. Bxf6 Qxf6 20. f4
Bxg2 21. Kxg2 Rfe8 22. Rad1 Rbd8 23. Rxd8 Rxd8 24. Rd1 Rxd1 25. Qxd1 Qe7 26.
Qd4 b6 27. c4 f6 28. a3 Kf7 29. b4 e5 30. fxe5 Qxe5 31. Qxe5 fxe5 32. Kf3
Ke6 33. Ke4 g6 34. c5 bxc5 35. bxc5 a5 36. c6 Kd6 37. c7 Kxc7 38. Kxe5 Kc6
39. h4 Kc5 40. g4 Kc4 41. h5 gxh5 42. gxh5 Kb3 43. Kf6 Kxa3 44. Kg7 Kb3 45.
Kxh7 a4 46. Kg8 a3 47. h6 a2 48. h7 a1=Q 49. h8=Q Qxh8+ 50. Kxh8
{Game drawn because neither player has mating material}
1/2-1/2

[Event "ICCopen2017"]
[Site "Internet Chess Club"]
[Date "2017.03.26"]
[Round "9"]
[White "Mad-Cobra"]
[Black "Spirals"]
[Result "0-1"]
[ICCResult "White checkmated"]
[WhiteElo "1851"]
[BlackElo "2189"]
[Opening "Queen's pawn game, Darooha variation "]
[ECO "D02"]
[NIC "QP.08"]
[Time "20:41:36"]
[TimeControl "180+0"]

1. d4 d5 2. Nf3 Nf6 3. g3 Bf5 4. Bg2 e6 5. e3 h6 6. O-O Nbd7 7. h4 Bd6 8.
Nbd2 O-O 9. c4 c6 10. c5 Bc7 11. a3 e5 12. b4 e4 13. Nh2 Re8 14. a4 a6 15.
Bb2 Qe7 16. Qb3 Qe6 17. b5 axb5 18. axb5 Rxa1 19. Rxa1 Bh3 20. Ndf1 Bxg2 21.
Kxg2 Qf5 22. b6 Bb8 23. Ra8 g5 24. hxg5 hxg5 25. Qd1 g4 26. Bc3 Kg7 27. Be1
Nf8 28. Qa1 N8h7 29. Rxb8 Rxb8 30. Qa7 Qc8 31. Nd2 Ra8 32. Nb3 Rxa7 33. bxa7
Qa8 34. Ba5 Qxa7 35. Bb6 Qa2 36. Nc1 Qc2 37. Ne2 Qxe2 38. Bc7 Ng5 39. Bf4
Nh3 40. Nxg4 Qxg4 41. Be5 Kg6 42. Bf4 Nxf4+ 43. exf4 Qf3+ 44. Kh3 Qh1#
{White checkmated}
0-1

[Event "ICCopen2017"]
[Site "Internet Chess Club"]
[Date "2017.03.26"]
[Round "9"]
[White "FytinFrank"]
[Black "fishmaster"]
[Result "1-0"]
[ICCResult "Black resigns"]
[WhiteElo "1964"]
[BlackElo "1755"]
[Opening "Vienna gambit"]
[ECO "C25"]
[NIC "VG.04"]
[Time "20:41:57"]
[TimeControl "180+0"]

1. e4 e5 2. Nc3 Nc6 3. f4 Bc5 4. fxe5 Bxg1 5. Rxg1 Nxe5 6. d4 Ng6 7. g3 d6
8. Be3 Nf6 9. Be2 O-O 10. Qd2 Ng4 11. Bg5 f6 12. Bf4 Nxf4 13. gxf4 h5 14. h3
Nh6 15. Bxh5 f5 16. e5 Qh4+ 17. Qf2 Qxh5 18. Rg5 Qf7 19. O-O-O Be6 20. Rdg1
d5 21. Qh4 Kh7 22. Rxg7+ Qxg7 23. Rxg7+ Kxg7 24. Qe7+ Bf7 25. Qf6+ Kh7 26.
e6 Bh5 27. Qg5 Bg6 28. Nxd5 Ng8 29. e7 Rfe8 30. Nf6+ Kg7 31. Nxe8+ Rxe8 32.
h4 Rxe7 33. h5 Re1+ 34. Kd2 Ra1 35. Qxg6+ Kh8 36. h6 Nxh6 37. Qxh6+ Kg8 38.
Qg6+ Kf8 39. Qxf5+ Ke7 40. Qe5+ Kd7 41. f5 Rxa2 42. Qe6+ Kd8 43. Qxa2
{Black resigns}
1-0

[Event "ICCopen2017"]
[Site "Internet Chess Club"]
[Date "2017.03.26"]
[Round "9"]
[White "Dewey"]
[Black "Athena2020"]
[Result "0-1"]
[ICCResult "White resigns"]
[WhiteElo "1370"]
[BlackElo "1136"]
[Opening "Pirc: classical (two knights) system"]
[ECO "B08"]
[NIC "PU.10"]
[Time "20:42:30"]
[TimeControl "180+0"]

1. d4 Nf6 2. Nc3 d6 3. Nf3 g6 4. e4 Bg7 5. Be3 O-O 6. Bc4 Ng4 7. O-O Nxe3 8.
fxe3 Nd7 9. h3 Nf6 10. Bd3 c6 11. Ne2 b5 12. c3 a5 13. e5 Nd5 14. Qd2 Bh6
15. Qe1 Nxe3 16. exd6 Nxf1 17. dxe7 Qxe7 18. Qxf1 Be3+ 19. Kh1 Bb7 20. Re1
Qd6 21. Ne5 f6 22. Ng3 fxe5 23. Rxe3 exd4 {White resigns} 0-1

[Event "ICCopen2017"]
[Site "Internet Chess Club"]
[Date "2017.03.26"]
[Round "9"]
[White "ShadowStorm"]
[Black "fisherino"]
[Result "0-1"]
[ICCResult "White checkmated"]
[WhiteElo "1350"]
[BlackElo "1550"]
[Opening "Queen's pawn game"]
[ECO "A45"]
[NIC "QP.07"]
[Time "20:42:15"]
[TimeControl "180+0"]

1. d4 Nf6 2. e3 g6 3. f4 Bg7 4. Nf3 d6 5. Bd3 O-O 6. O-O c5 7. Nbd2 cxd4 8.
Nxd4 Nc6 9. c3 Nxd4 10. cxd4 Bg4 11. Be2 Bxe2 12. Qxe2 Rc8 13. Nb3 Qc7 14.
Nd2 Qc2 15. b3 Ne4 16. Re1 Nc3 17. Qf2 Nd1 18. Qe2 Nc3 19. Qf2 Ne4 20. Nxe4
Qxe4 21. Ba3 Rc2 22. Re2 Rfc8 23. Rxc2 Rxc2 24. Qf1 Qxe3+ 25. Kh1 Bxd4 26.
Rc1 Rxc1 27. Bxc1 Qf2 28. Qd1 e6 29. h3 d5 30. Ba3 Qxf4 31. Qc2 Be5 32. Qc8+
Kg7 33. Qc2 Qf1# {White checkmated} 0-1

[Event "ICCopen2017"]
[Site "Internet Chess Club"]
[Date "2017.03.26"]
[Round "9"]
[White "Mormegil"]
[Black "touchthis"]
[Result "1-0"]
[ICCResult "Black resigns"]
[WhiteElo "1711"]
[BlackElo "1479"]
[Opening "QGD: 4.Nf3"]
[ECO "D37"]
[NIC "QP.09"]
[Time "20:42:59"]
[TimeControl "180+0"]

1. Nf3 d5 2. d4 Nf6 3. c4 e6 4. Nc3 Be7 5. cxd5 exd5 6. Bf4 a6 7. e3 Nbd7 8.
Rc1 O-O 9. Bd3 c6 10. Qc2 h6 11. Ne5 Nxe5 12. Bxe5 Ng4 13. Bg3 Bd6 14. O-O
Bxg3 15. hxg3 Be6 16. b4 Qc7 17. a4 Qe7 18. Ne2 Qg5 19. Nf4 Bd7 20. Qe2 Bf5
21. Bxf5 Qxf5 22. Qf3 Nf6 23. b5 axb5 24. axb5 Ne4 25. Rfd1 Ra2 26. Nh3 Nd2
27. Qxf5 {Black resigns} 1-0

[Event "ICCopen2017"]
[Site "Internet Chess Club"]
[Date "2017.03.26"]
[Round "9"]
[White "nealbruce"]
[Black "Travenol"]
[Result "1-0"]
[ICCResult "Black resigns"]
[WhiteElo "1301"]
[BlackElo "1567"]
[Opening "French: Tarrasch, closed variation, main line"]
[ECO "C06"]
[NIC "FR.17"]
[Time "20:42:40"]
[TimeControl "180+0"]

1. e4 e6 2. d4 d5 3. Nd2 Nf6 4. e5 Nfd7 5. Bd3 c5 6. c3 Nc6 7. Ne2 cxd4 8.
cxd4 Be7 9. O-O f6 10. exf6 Nxf6 11. Nf3 O-O 12. Bf4 Ng4 13. Bg3 Bd6 14. h3
Bxg3 15. Nxg3 Nf6 16. Re1 Bd7 17. Rc1 Nb4 18. Bb1 Rc8 19. a3 Nc6 20. Qd3 Qc7
21. Nh5 g6 22. Nxf6+ Rxf6 23. Ne5 Nxe5 24. dxe5 Qb6 25. exf6 Bb5 {Black
resigns} 1-0

[Event "ICCopen2017"]
[Site "Internet Chess Club"]
[Date "2017.03.26"]
[Round "9"]
[White "jefferyx"]
[Black "ibarra"]
[Result "0-1"]
[ICCResult "White resigns"]
[WhiteElo "2797"]
[BlackElo "2807"]
[Opening "Queen's pawn: London system"]
[ECO "A45"]
[NIC "QP.07"]
[Time "20:41:22"]
[TimeControl "180+0"]

1. d4 Nf6 2. Bf4 d6 3. e3 g6 4. h3 Bg7 5. Nf3 O-O 6. Be2 c5 7. c3 Be6 8. O-O
Qb6 9. Qc1 Nc6 10. Nbd2 Rac8 11. Bh2 cxd4 12. exd4 Bd5 13. Qb1 Rfe8 14. Nc4
Qa6 15. b3 Na5 16. Nfd2 b5 17. Ne3 Rxc3 18. a4 Qb7 19. Nxd5 Nxd5 20. axb5
Qb6 21. Nc4 Nxc4 22. bxc4 Nf6 23. Rd1 Qb7 24. Qb2 Ne4 25. f3 Qb6 26. fxe4
Bxd4+ 27. Rxd4 Qxd4+ 28. Kh1 Rxc4 29. Qxd4 Rxd4 30. Rxa7 Rxe4 31. Bf3 Re1+
32. Bg1 Rb8 33. Bc6 Kg7 34. Kh2 Kf6 35. Bd4+ e5 36. Bf2 Rb1 37. Bd5 Rf8 38.
Bh4+ g5 39. Bf2 Rxb5 40. Be4 h6 41. Bd3 Rb2 42. Kg3 Rb3 {White resigns} 0-1

[Event "ICCopen2017"]
[Site "Internet Chess Club"]
[Date "2017.03.26"]
[Round "9"]
[White "OverSoul"]
[Black "Alvin78"]
[Result "1-0"]
[ICCResult "Black checkmated"]
[WhiteElo "1324"]
[BlackElo "1570"]
[Opening "Torre attack (Tartakower variation)"]
[ECO "D03"]
[NIC "QP.08"]
[Time "20:41:41"]
[TimeControl "180+0"]

1. d4 d5 2. Nf3 Nf6 3. Bg5 h5 4. h3 e6 5. Nbd2 Be7 6. c3 Nc6 7. e4 dxe4 8.
Bxf6 Bxf6 9. Nxe4 Bd7 10. Bd3 e5 11. dxe5 Bxe5 12. Qe2 Qe7 13. O-O O-O-O 14.
Rae1 Bf5 15. Nxe5 Qxe5 16. Nd6+ Qxd6 17. Bxf5+ Kb8 18. Be4 a6 19. Kh1 g6 20.
f4 f5 21. Bxc6 Qxc6 22. Qf3 Qxf3 23. Rxf3 Rd2 24. Re6 Rxb2 25. Rxg6 Rxa2 26.
Rg5 Re8 27. Rxf5 Ree2 28. Rg3 Ra3 29. Rxh5 Rc2 30. f5 Rcxc3 31. Rxc3 Rxc3
32. f6 Rc1+ 33. Kh2 Rf1 34. g4 Rxf6 35. Kg3 Kc8 36. g5 Rg6 37. Kg4 Kd7 38.
Kf5 Rg7 39. g6 Ke7 40. Rh7 Kf8 41. Rh8+ Ke7 42. Rb8 b5 43. Rb7 Kf8 44. Ra7
b4 45. Kf6 Rd7 46. Ra8+ Rd8 47. Rxd8# {Black checkmated} 1-0